 Dungeon Crawl Stone Soup version 0.24-a0-479-g9a978d2894 (webtiles) character file.

Game seed: 8064208257225236004

592292 Azzok the Crack Shot (level 26, 0/257 (258) HPs)
             Began as a Centaur Berserker on July 6, 2019.
             Was the Champion of the Shining One.
             Engulfed by a death drake's foul pestilence (12 damage)
             ... summoned by a red draconian stormcaller
             ... on level 2 of the Realm of Zot.
             The game lasted 02:55:47 (93397 turns).

Azzok the Crack Shot (Centaur Berserker)           Turns: 93397, Time: 02:55:48

HP:   0/257 (258)   AC: 31    Str: 34    XL:     26   Next: 24%
MP:   34/34         EV:  5    Int: 11    God:    the Shining One [******]
Gold: 4735          SH:  0    Dex: 11    Spells: 36/40 levels left

rFire    + + .     SeeInvis .   k - +7 longbow (flame)
rCold    + . .     Gourm    .   (shield currently unavailable)
rNeg     + + +     Faith    .   u - +2 plate armour {rC+}
rPois    .         Spirit   .   P - +2 hat
rElec    .         Reflect  .   r - scarf {repulsion}
rCorr    .         Harm     .   S - +0 pair of gloves {Str+3}
MR       +++++     Clarity  +   N - +2 centaur barding
Stlth    ..........             e - amulet of the Four Winds {rN+ MR+++ Clar}
HPRegen  0.00/turn              I - +5 ring of slaying
MPRegen  0.24/turn              K - ring of Dopres {*Corrode rF++ MR+ Str+2 Int+4}

@: lethally poisoned (0 -> -177), about to teleport, non-regenerating, diseased,
slowed, glowing, repel missiles
A: large, hooves 3, deformed body, speed 2, tough skin 3
}: 3/15 runes: decaying, silver, gossamer
a: Divine Shield, Cleansing Flame, Summon Divine Warrior, Renounce Religion


You were on level 2 of the Realm of Zot.
You worshipped the Shining One.
The Shining One was exalted by your worship.
You were not hungry.

You visited 11 branches of the dungeon, and saw 50 of its levels.
You visited 1 bazaar.

You collected 8050 gold pieces.
You spent 3315 gold pieces at shops.

Inventory:

Hand Weapons
 a - a +9 longbow of holy wrath
 b - a +9 antimagic triple sword
 k - a +7 longbow of flaming (weapon)
Missiles
 n - 923 arrows (quivered)
Armour
 r - a scarf of repulsion (worn)
 u - a +2 plate armour of cold resistance (worn)
 N - a +2 centaur barding (worn)
 P - a +2 hat (worn)
 S - a +0 pair of gloves of strength (worn)
Jewellery
 e - the amulet of the Four Winds (around neck) {rN+ MR+++ Clar}
   (You took it off a deep elf annihilator on level 3 of the Elven Halls)

   [amulet of nothing]

   It protects you from negative energy.
   It affects your resistance to hostile enchantments.
   It protects you against confusion.
 i - an uncursed ring of protection from cold
 l - an uncursed ring of poison resistance
 v - an uncursed ring of resist corrosion
 I - a +5 ring of slaying (left hand)
 K - the ring of Dopres (right hand) {*Corrode rF++ MR+ Str+2 Int+4}
   (You found it on level 1 of the Spider Nest)

   [ring of intelligence]

   It affects your strength (+2).
   It affects your intelligence (+4).
   It greatly protects you from fire.
   It affects your resistance to hostile enchantments.
   It may corrode you when you take damage.
Wands
 m - a wand of iceblast (26)
 t - a wand of paralysis (57)
 D - a wand of disintegration (27)
 E - a wand of scattershot (4)
 L - a wand of digging (8)
 O - a wand of acid (8)
Scrolls
 j - 19 scrolls of enchant armour
 o - a scroll of summoning
 q - 6 scrolls of magic mapping
 s - 17 scrolls of remove curse
 y - 3 scrolls of holy word
 A - 10 scrolls of fog
 C - 2 scrolls of blinking
 H - 10 scrolls of teleportation
 W - 6 scrolls of immolation
 X - 2 scrolls of fear
 Z - 17 scrolls of identify
Potions
 d - 7 potions of mutation {!q}
 f - 10 potions of heal wounds
 g - 10 potions of might
 p - 19 potions of curing
 w - 8 potions of haste
 z - 6 potions of agility
 B - 2 potions of magic
 F - 9 potions of lignification
 G - 4 potions of ambrosia
 J - 5 potions of flight
 M - a potion of cancellation
 Q - 2 potions of resistance
Miscellaneous
 x - a phantom mirror
 U - 3 boxes of beasts
Comestibles
 c - 70 rations
 h - 12 chunks of flesh


   Skills:
 - Level 25.0 Fighting
 + Level 7.7 Long Blades
 - Level 26.0 Bows
 - Level 19.0 Armour
 - Level 1.3 Dodging
 + Level 7.9 Spellcasting
 + Level 9.5 Hexes
 + Level 9.5 Translocations
 + Level 10.5 Invocations
 - Level 9.0 Evocations


You had 36 spell levels left.
You knew the following spells:

 Your Spells              Type           Power        Failure   Level  Hunger
a - Portal Projectile     Hex/Tloc       ####..       3%          3    ###....
b - Apportation           Tloc           ####..       1%          1    None

Your spell library contained the following spells:

 Spells                   Type           Power        Failure   Level  Hunger
 Confusing Touch          Hex            ####..       1%          1    None
 Corona                   Hex            ####...      1%          1    None
 Slow                     Hex            ####....     1%          2    #......
 Cause Fear               Hex            ####......   12%         4    ####...
 Inner Flame              Hex/Fire       ##......     24%         3    ###....
 Animate Skeleton         Necr           N/A          52%         1    None
 Flame Tongue             Conj/Fire      #....        52%         1    None
 Summon Small Mammal      Summ           #...         52%         1    None
 Leda's Liquefaction      Hex/Erth       ##........   63%         4    ####...
 Throw Flame              Conj/Fire      #.....       65%         2    #......
 Conjure Flame            Conj/Fire      #.......     87%         3    ###....
 Silence                  Hex/Air        ##........   92%         5    ######.
 Yara's Violent Unravell  Hex/Tmut       ##........   92%         5    ######.
 Sticky Flame             Conj/Fire      #.......     99%         4    ####...
 Fireball                 Conj/Fire      #.........   100%        5    ######.
 Deflect Missiles         Chrm/Air       #.........   100%        6    #######
 Haunt                    Necr/Summ      #.........   100%        7    #######
 Borgnjor's Revivificati  Necr           #.........   100%        8    #######
 Death's Door             Chrm/Necr      #.........   100%        8    #######
 Discord                  Hex            ####......   100%        8    #######
 Infestation              Necr           #.........   100%        8    #######
 Necromutation            Tmut/Necr      #.........   100%        8    #######


Dungeon Overview and Level Annotations

Branches:
Dungeon (15/15)            Temple (1/1) D:5            Lair (6/6) D:10
  Swamp (4/4) Lair:4       Spider (4/4) Lair:4        Slime (0/5) Lair:6
    Orc (2/2) D:11            Elf (3/3) Orc:2        Vaults (5/5) D:13
  Crypt (3/3) Vaults:2       Tomb (0/3) Crypt:3      Depths (5/5) D:15
    Zot (2/5) Depths:5

Altars:
Ashenzari
Cheibriados
Dithmenos
Elyvilon
Fedhas
Gozag
Hepliaklqana
Kikubaaqudgha
Makhleb
Nemelex Xobeh
Okawaru
Qazlal
Ru
Sif Muna
Trog
Uskayaw
Vehumet
Wu Jian
Xom
Yredelemnul
Zin
The Shining One
Jiyva

Shops:
D:8 %:?*   D:11 (   D:12 (}**   D:14 [*   Orc:2 [*(=   Elf:1 *   Vaults:2 *}(*
Vaults:3 :   Vaults:4 [[%:   Vaults:5 :

Portals:
Hell: Depths:1 Depths:2 Depths:3 Depths:4 Depths:5
Abyss: Depths:4
Pandemonium: Depths:1 Depths:3 Depths:4
Ziggurat: Depths:5

Annotations:
D:9 1 runed translucent door, quik's ghost, novice MiAs
Lair:6 1 runed translucent door
Elf:2 3 runed translucent doors
Vaults:1 2 runed translucent doors, Nico3ck's ghost, adept DsGl


Innate Abilities, Weirdness & Mutations

You have hooves in place of feet.
Armour fits poorly on your strangely shaped body.
You cover ground very quickly.
You have extremely tough skin. (AC +3)


Message History

Your blink will be uncontrolled - continue anyway? [Y]es or [N]o only, please.
Your blink will be uncontrolled - continue anyway? [Y]es or [N]o only, please.
Your blink will be uncontrolled - continue anyway?
Okay, then.
You feel much better.
* * * LOW HITPOINT WARNING * * *
You feel extremely sick. The death drake breathes miasma at you.
The foul vapour engulfs you but does no damage.
The red draconian stormcaller mumbles some strange prayers to Qazlal.
The death drake bites you but does no damage.
Okay, then.
As you read the scroll of teleportation, it crumbles to dust.
You feel strangely unstable.
You feel the Orb delaying your translocation!
You are engulfed in dark miasma.
You are more poisoned.
You feel your flesh rotting away!
You die...

▒ ▒·▒▒·▒▒▒▒▒▒▒ ▒· ▒% ▒·▒▒··▒ ▒·
▒·▒▒▒▒▒▒▒▒·▒▒▒·▒▒▒▒▒▒▒·▒▒▒▒ ▒·
▒···k······················ ▒·
▒▒▒▒▒·q·k▒▒▒·▒▒▒··▒▒▒▒▒▒·▒▒▒▒▒ ▒·
·d··(·k(·'○···=··············▒ ▒·
▒▒▒▒▒k···▒▒▒k▒▒▒▒··▒▒▒▒▒·▒···▒·▒·
▒····▒ ▒d▒▒▒▒▒°▒·········▒·▒·
▒····▒ ▒kq°k@°°·····⌠······▒·
▒▒▒▒▒▒ ▒▒▒▒▒▒▒°°···:·····▒ ▒·
▒·°········▒▒▒▒· ▒▒··▒▒▒·▒·)·)···
▒▒·▒ ▒)▒▒······ ▒·· ▒·▒▒·▒▒▒▒▒
▒▒·▒▒·▒▒·▒ ··▒·▒▒·▒ ▒·▒·▒▒·▒


You could see a green draconian, a red draconian stormcaller, a death drake and
a rime drake.

Vanquished Creatures
  A juggernaut (Depths:5)
  An ancient lich (Crypt:3)
  Sojobo (Crypt:1)
  Boris (twice) (Crypt:2)
  Xtahua (Depths:4)
  3 golden dragons
  A caustic shrike (Depths:1)
  Jory (Crypt:3)
  Arachne (Spider:4)
  7 liches
  2 bone dragons
  Jorgrun (D:14)
  4 tentacled monstrosities
  A quicksilver dragon (Zot:1)
  A deep elf blademaster (Elf:3)
  3 titans (Vaults:5)
  Gastronok (D:10)
  A deep elf master archer (Elf:3)
  3 death cobs (Zot:1)
  2 ancient champions
  Kirke (Swamp:1)
  4 storm dragons
  3 sphinxes (Vaults:5)
  7 tengu reavers
  2 draconian monks
  Donald (Spider:1)
  6 shadow dragons
  Agnes (D:14)
  Roxanne (Spider:1)
  10 deep elf sorcerers
  4 draconian knights
  7 frost giants
  7 fire giants
  Aizul (Spider:1)
  2 draconian shifters
  3 orc warlords
  Louise (Swamp:2)
  24 vault wardens
  6 emperor scorpions
  5 ghost moths (Spider:4)
  A juggernaut zombie (Crypt:1)
  3 spriggan defenders (Depths:2)
  2 draconian scorchers
  7 draconian stormcallers
  3 curse skulls (Crypt:2)
  23 very ugly things
  A balrug (Depths:3)
  4 deep elf elementalists
  4 ghouls
  A reaper (Crypt:2)
  A draconian annihilator (Zot:1)
  17 ironheart preservers
  34 stone giants
  5 war gargoyles
  6 caustic shrike skeletons (Depths:2)
  5 entropy weavers
  8 deep elf demonologists
  7 vampire knights
  A yellow draconian (Zot:1)
  4 spark wasps
  2 purple draconians (Depths:5)
  2 white draconians
  4 black draconians
  14 deep elf annihilators
  A red draconian (Zot:2)
  9 crystal guardians
  6 eidola
  10 ettins
  Snorg (D:10)
  15 fire dragons
  A fire dragon (shapeshifter) (Vaults:5)
  A green death (Depths:1)
  2 quicksilver dragon zombies
  6 deep elf death magi
  18 yaktaur captains
  Josephine (Swamp:1)
  13 ogre magi
  7 great orbs of eyes
  9 jiangshi
  7 deep elf high priests (Elf:3)
  32 vault guards
  Erolcha (D:11)
  12 ice dragons
  22 hydras
  7 spriggan air magi
  3 ghost crabs
  A quicksilver dragon skeleton (Crypt:2)
  7 rakshasas
  10 centaur warriors
  2 catoblepae
  2 shambling mangroves
  7 death yaks
  31 two-headed ogres
  11 alligators
  9 deep troll shamans
  10 spriggan berserkers
  18 dancing weapons
  5 death knights
  6 tengu warriors
  9 vampire magi
  7 deep troll earth magi
  A shock serpent (shapeshifter) (Vaults:5)
  6 orc high priests (Orc:2)
  A titan zombie (Crypt:3)
  A storm dragon zombie (Vaults:3)
  21 deep elf knights
  2 shadow wraiths
  7 iron trolls
  4 soul eaters
  A golden dragon zombie (Crypt:3)
  A fire crab (Swamp:4)
  17 hell knights
  31 skeletal warriors
  A glowing orange brain (Depths:1)
  A sixfirhy (Depths:1)
  31 deep trolls
  3 unseen horrors
  11 spriggan druids
  8 flayed ghosts
  7 wizards
  8 swamp dragons
  2 glowing orange brains (shapeshifter) (Vaults:5)
  16 ironbrand convokers
  2 large abominations (Elf:3)
  A shadow dragon zombie (Crypt:1)
  15 deep elf archers
  An orange crystal statue (Depths:1)
  A golden dragon skeleton (Crypt:3)
  5 harpies (Vaults:1)
  A lindwurm (shapeshifter) (Vaults:3)
  An iron dragon zombie (Crypt:3)
  15 necromancers
  8 orc sorcerers
  A fire giant zombie (Vaults:4)
  A tengu skeleton (Vaults:3)
  12 orc knights
  16 phantasmal warriors
  14 orb spiders
  A harpy (shapeshifter) (Depths:1)
  4 human zombies
  16 wolf spiders
  2 wolf spider zombies
  61 ugly things
  2 fauns (shapeshifter)
  A shadow dragon skeleton (Crypt:1)
  4 manticores
  62 deep elf magi
  22 cyclopes
  A stone giant skeleton (Vaults:2)
  A sphinx skeleton (Vaults:4)
  An elephant (shapeshifter) (Vaults:5)
  An iron dragon skeleton (Crypt:1)
  2 guardian serpents (shapeshifter)
  A black mamba (shapeshifter) (Vaults:3)
  11 moths of wrath
  A frost giant skeleton (Crypt:3)
  2 fire giant skeletons
  A rust devil (Depths:1)
  7 elephants (Lair:6)
  3 centaur zombies
  3 black mambas
  3 human skeletons
  3 torpor snails
  Joseph (D:8)
  20 vault sentinels
  A dire elephant skeleton (Crypt:3)
  21 spiny frogs
  5 kobold demonologists
  5 demonic crawlers
  A yellow draconian skeleton (Crypt:1)
  A rime drake (Lair:1)
  10 freezing wraiths
  A redback zombie (Crypt:2)
  7 komodo dragons
  62 yaktaurs
  5 efreet
  2 ice devils
  A yaktaur zombie (Vaults:1)
  A komodo dragon (shapeshifter) (Depths:1)
  6 tengu conjurers
  A troll (shapeshifter) (Elf:2)
  A hydra zombie (Crypt:2)
  10 tyrant leeches
  3 red devils
  2 meliai (shapeshifter)
  A jumping spider (shapeshifter) (Vaults:2)
  10 polar bears
  32 jumping spiders
  15 trolls
  41 hornets
  A hornet (shapeshifter) (Vaults:5)
  A tengu simulacrum (Vaults:3)
  18 blink frogs
  2 hydra skeletons
  8 bog bodies
  Prince Ribbit (D:8)
  11 hippogriffs
  An ettin zombie (Crypt:3)
  A dream sheep (shapeshifter) (Vaults:5)
  2 harpy skeletons (Crypt:3)
  3 snapping turtles (shapeshifter)
  A frost giant simulacrum (Vaults:3)
  64 slime creatures
  36 flying skulls
  6 dream sheep
  2 meliai zombies
  A ynoxinul (Depths:3)
  A fire dragon skeleton (Crypt:3)
  2 vampires
  3 air elementals
  11 wraiths
  7 wyverns
  27 tarantellas
  A tarantella (shapeshifter) (Depths:2)
  2 yaks (shapeshifter)
  5 shadows
  79 redbacks
  46 spriggans
  9 humans (D:13)
  10 water elementals
  A hog (shapeshifter) (Vaults:3)
  A fire elemental (Elf:3)
  3 hungry ghosts
  A basilisk (shapeshifter) (Vaults:2)
  6 basilisks
  47 yaks
  A yaktaur simulacrum (Vaults:4)
  15 vampire mosquitoes
  Grum (D:8)
  A chaos spawn (Depths:1)
  A deep troll zombie (Vaults:3)
  A steam dragon (Swamp:4)
  17 wargs
  A wind drake skeleton (Crypt:1)
  16 swamp worms
  A swamp worm (shapeshifter) (Depths:1)
  3 insubstantial wisps (Swamp:1)
  A water nymph zombie (Crypt:1)
  A warg (shapeshifter) (Vaults:5)
  34 water moccasins
  4 porcupines
  An acid dragon (shapeshifter) (Vaults:3)
  2 acid dragons
  4 ice beasts
  16 swamp drakes
  3 eyes of draining
  An ettin simulacrum (Vaults:1)
  66 orc warriors
  5 sky beasts
  3 phantoms
  7 black bears
  2 necrophages (Crypt:3)
  2 snapping turtle zombies (Crypt:1)
  59 ogres
  10 wolves
  5 boggarts (Vaults:3)
  31 centaurs
  A manticore skeleton (Crypt:3)
  A snapping turtle skeleton (Crypt:1)
  10 crocodiles
  A crocodile (shapeshifter) (Depths:1)
  A gnoll sergeant (D:8)
  11 big kobolds
  2 earth elementals
  16 bullfrogs
  A hippogriff skeleton (Crypt:1)
  A wyvern skeleton (D:6)
  A hornet simulacrum (D:14)
  A shapeshifter zombie (Crypt:2)
  3 scorpions
  2 water moccasin skeletons
  14 killer bees
  9 electric eels
  17 wights
  4 howler monkeys
  5 crimson imps
  A bullfrog zombie (D:5)
  8 centaur skeletons
  7 jellies
  A quasit (D:8)
  10 hounds
  A bullfrog skeleton (D:10)
  A gnoll shaman (D:6)
  34 orc priests
  2 iron imps (Depths:1)
  43 orc wizards
  Jessica (D:4)
  A demonspawn skeleton (Crypt:2)
  4 hell rats (D:8)
  Natasha (twice) (D:4)
  5 iguanas
  13 worker ants
  A hound skeleton (Crypt:2)
  17 gnolls
  25 adders
  7 river rats (D:8)
  8 shadow imps
  2 white imps
  An ooze (D:4)
  2 ufetubi (Depths:1)
  An ooze (shapeshifter) (Depths:3)
  An adder zombie (D:9)
  3 adder skeletons
  6 worms
  3 dart slugs
  5 leopard geckos
  155 orcs
  A ball python (D:5)
  8 bats
  3 giant cockroaches
  7 goblins
  6 hobgoblins
  6 jackals
  12 quokkas
  A ball python skeleton (Crypt:1)
  3 frilled lizards
  A frilled lizard zombie (Crypt:2)
  A jackal zombie (D:5)
  25 kobolds
  22 rats
  2 crawling corpses (Elf:3)
2675 creatures vanquished.

Vanquished Creatures (collateral kills)
  the Enchantress (Depths:2)
1 creature vanquished.

Vanquished Creatures (others)
  2 tengu reavers (Crypt:1)
  A shadow wraith (Vaults:2)
  A swamp dragon (Swamp:4)
  2 lindwurms (Swamp:4)
  A deep elf mage (Elf:1)
  A slime creature (Depths:4)
  A steam dragon (Swamp:4)
  2 swamp drakes (Swamp:4)
  A jelly (D:14)
  3 bushes (D:11)
  8 fungi
  22 plants
45 creatures vanquished.

Grand Total: 2721 creatures vanquished

Notes
Turn   | Place    | Note
-------+----------+-------------------------------------------
     0 | D:1      | Azzok the Centaur Berserker began the quest for the Orb.
     0 | D:1      | Reached XP level 1. HP: 19/19 MP: 1/1
   253 | D:1      | Reached XP level 2. HP: 26/26 MP: 2/2
   590 | D:1      | Found a sparkling altar of Nemelex Xobeh.
  1053 | D:2      | Reached XP level 3. HP: 33/33 MP: 3/3
  1329 | D:2      | Reached skill level 5 in Fighting
  1329 | D:2      | Reached XP level 4. HP: 42/42 MP: 4/4
  1347 | D:2      | Reached ** piety under Trog
  1957 | D:3      | Reached XP level 5. HP: 50/50 MP: 5/5
  2374 | D:4      | Found a sparkling altar of Nemelex Xobeh.
  2613 | D:4      | Noticed Natasha
  2633 | D:4      | Killed Natasha
  2674 | D:4      | Reached XP level 6. HP: 58/58 MP: 6/6
  2703 | D:4      | Reached *** piety under Trog
  3267 | D:4      | Reached XP level 7. HP: 56/68 MP: 7/7
  3523 | D:4      | Noticed Natasha
  3537 | D:4      | Killed Natasha
  3842 | D:4      | Noticed Jessica
  3854 | D:4      | Killed Jessica
  3863 | D:4      | Found a deep blue altar of Sif Muna.
  4049 | D:5      | Entered Level 5 of the Dungeon
  4185 | D:5      | Found a sacrificial altar of Ru.
  4392 | D:5      | Found a staircase to the Ecumenical Temple.
  4982 | D:6      | Reached XP level 8. HP: 74/79 MP: 8/8
  5272 | D:6      | Reached skill level 10 in Fighting
  5356 | D:6      | Reached **** piety under Trog
  6216 | D:7      | Reached skill level 1 in Bows
  6217 | D:7      | Reached skill level 2 in Bows
  6321 | D:7      | Reached skill level 3 in Bows
  6326 | D:7      | Reached skill level 4 in Bows
  6505 | D:7      | Reached XP level 9. HP: 62/89 MP: 9/9
  6602 | D:7      | Reached skill level 5 in Bows
  6722 | D:7      | Reached skill level 6 in Bows
  6909 | D:8      | Reached skill level 7 in Bows
  7110 | D:8      | Reached skill level 8 in Bows
  7114 | D:8      | Reached ***** piety under Trog
  7440 | D:8      | Reached skill level 9 in Bows
  7670 | D:8      | Found Nybbing's Book Boutique.
  7771 | D:8      | Reached skill level 10 in Bows
  7869 | D:8      | Received a gift from Trog
  8133 | D:8      | Reached skill level 11 in Bows
  8221 | D:8      | Noticed Joseph
  8240 | D:8      | Killed Joseph
  8322 | D:8      | Reached XP level 10. HP: 96/96 MP: 10/10
  8337 | D:8      | Found Goti's Magic Scroll Shoppe.
  8360 | D:8      | Bought a scroll of blinking for 82 gold pieces
  8360 | D:8      | Bought a scroll of teleportation for 33 gold pieces
  8360 | D:8      | Bought a scroll of enchant weapon for 82 gold pieces
  8360 | D:8      | Bought a scroll of amnesia for 38 gold pieces
  8419 | D:8      | Found Batadgh's Food Boutique.
  8440 | D:8      | Noticed Prince Ribbit
  8455 | D:8      | Reached skill level 12 in Bows
  8458 | D:8      | Killed Prince Ribbit
  8739 | D:8      | Received a gift from Trog
  8988 | D:8      | Found Quuptu's General Store.
  9010 | D:8      | Bought a scroll of identify for 24 gold pieces
  9049 | D:8      | Found a shadowy altar of Dithmenos.
  9049 | D:8      | Noticed Grum
  9060 | D:8      | Killed Grum
  9120 | D:8      | Found a sparkling altar of Nemelex Xobeh.
  9123 | D:8      | Found a basalt altar of Yredelemnul.
  9133 | D:8      | Found an iron altar of Okawaru.
  9292 | D:9      | Reached skill level 13 in Bows
  9709 | D:9      | Reached skill level 14 in Bows
  9975 | D:9      | Received a gift from Trog
 10192 | D:9      | Found a runed translucent door.
 10193 | D:9      | Identified the +9 trident of the Eel {flame, rElec Dex+3}
 10194 | D:9      | Noticed quik's ghost (novice MiAs)
 10243 | D:9      | Found the +5 robe of Night {Dark MR+ SInv}
 10616 | D:10     | Entered Level 10 of the Dungeon
 10616 | D:10     | Noticed Snorg
 10642 | D:10     | Reached skill level 15 in Bows
 10853 | D:10     | Noticed a two-headed ogre
 10872 | D:10     | Killed a two-headed ogre
 10974 | D:10     | Reached XP level 11. HP: 86/102 MP: 11/11
 11606 | D:10     | Reached skill level 16 in Bows
 11840 | D:10     | Received a gift from Trog
 12008 | D:10     | Found a staircase to the Lair.
 12309 | D:10     | Killed Snorg
 12365 | D:10     | Reached skill level 17 in Bows
 12689 | D:10     | Noticed Gastronok
 12710 | D:10     | Killed Gastronok
 12710 | D:10     | Reached skill level 18 in Bows
 13084 | D:11     | Found Lewina's Weapon Shoppe.
 13088 | D:11     | Found a staircase to the Orcish Mines.
 13089 | D:11     | Noticed an orc knight
 13129 | D:11     | Killed an orc knight
 13290 | D:11     | Killed an unseen horror
 13460 | D:11     | Received a gift from Trog
 13483 | D:11     | Received a gift from Trog
 13483 | D:11     | Reached skill level 19 in Bows
 13548 | D:11     | Reached ****** piety under Trog
 13741 | D:11     | Reached XP level 12. HP: 110/110 MP: 12/12
 14369 | D:11     | Noticed a three-headed hydra
 14377 | D:11     | Killed a three-headed hydra
 14377 | D:11     | Reached skill level 20 in Bows
 14635 | D:12     | Received a gift from Trog
 14770 | D:12     | Found Emakemna's Assorted Antiques.
 15213 | D:12     | Found Leuw's Weapon Shop.
 15463 | D:12     | Found Eviukk's Gadget Emporium.
 15616 | D:12     | Found a blossoming altar of Fedhas.
 15656 | D:12     | Found Asmer's Assorted Antiques.
 15895 | D:13     | Reached skill level 21 in Bows
 16246 | D:13     | Received a gift from Trog
 16532 | D:13     | Received a gift from Trog
 16887 | D:13     | Received a gift from Trog
 16947 | D:13     | Noticed a frost giant
 16972 | D:13     | Found a gate to the Vaults.
 16972 | D:13     | Noticed a vault guard
 16972 | D:13     | Noticed a vault guard
 16973 | D:13     | Noticed a vault guard
 17374 | D:13     | Reached skill level 22 in Bows
 17505 | Lair:1   | Entered Level 1 of the Lair of Beasts
 17540 | Lair:1   | Reached XP level 13. HP: 116/116 MP: 13/13
 19086 | Lair:2   | Reached skill level 23 in Bows
 19824 | Lair:4   | Found a hole to the Spider Nest.
 19962 | Lair:4   | Received a gift from Trog
 20624 | Lair:4   | Found a staircase to the Swamp.
 20843 | Lair:5   | Received a gift from Trog
 20877 | Lair:5   | Reached skill level 24 in Bows
 21436 | Lair:5   | Received a gift from Trog
 21860 | Lair:5   | Found a radiant altar of Vehumet.
 21984 | Lair:6   | Entered Level 6 of the Lair of Beasts
 22058 | Lair:5   | Reached XP level 14. HP: 106/124 MP: 14/14
 22172 | Lair:6   | Found a runed translucent door.
 22172 | Lair:6   | Found a viscous altar of Jiyva.
 22175 | Lair:6   | Noticed an acid blob
 22176 | Lair:6   | Found a staircase to the Slime Pits.
 22260 | Lair:6   | Received a gift from Trog
 22409 | Lair:6   | Reached skill level 25 in Bows
 23219 | Lair:6   | Found the +8 lance "Wyrmbane" {slay drac, rPois rF+ rC+
                  | AC+3}
 23488 | Lair:6   | Found the +8 mithril axe "Arga" {speed, MR+}
 23939 | Orc:1    | Entered Level 1 of the Orcish Mines
 23950 | Orc:1    | Noticed an orc warlord
 23960 | Orc:1    | Received a gift from Trog
 23985 | D:11     | Killed an orc warlord
 23985 | D:11     | Reached skill level 26 in Bows
 24164 | D:11     | Reached skill level 1 in Evocations
 24251 | Orc:1    | Noticed Erolcha
 24491 | D:11     | Killed Erolcha
 25232 | Orc:2    | Entered Level 2 of the Orcish Mines
 25232 | Orc:2    | Found a staircase to the Elven Halls.
 25246 | Orc:2    | Received a gift from Trog
 25274 | Orc:1    | Got a smoking longbow {god gift}
 25275 | Orc:1    | Identified the +4 longbow of the Dwarven Hall {velocity,
                  | rElec} (Trog gifted it to you on level 1 of the Orcish
                  | Mines)
 25856 | Orc:2    | Noticed an orc warlord
 25865 | Orc:2    | Killed an orc warlord
 26181 | Orc:2    | Received a gift from Trog
 26207 | Orc:2    | Received a gift from Trog
 26258 | Orc:2    | Reached XP level 15. HP: 113/132 MP: 17/17
 26671 | Orc:2    | Noticed an orc warlord
 26711 | Orc:2    | Killed an orc warlord
 27079 | Orc:2    | Found Utti's Antique Armour Shop.
 27080 | Orc:2    | Found Cobletra's Antique Weapon Shop.
 27081 | Orc:2    | Found Wuon Naoghe's General Store.
 27081 | Orc:2    | Found Juukupn's Jewellery Boutique.
 27085 | Orc:2    | Bought a scroll of teleportation for 51 gold pieces
 27085 | Orc:2    | Bought a scroll of identify for 34 gold pieces
 27086 | Orc:2    | Bought a cursed -2 ring of intelligence for 28 gold pieces
 27086 | Orc:2    | Bought a cursed -3 ring of slaying for 28 gold pieces
 27592 | D:13     | Reached skill level 5 in Evocations
 27710 | D:13     | Received a gift from Trog
 28661 | D:14     | Reached skill level 5 in Armour
 28824 | D:14     | Found Gogogy's Assorted Antiques.
 28835 | D:14     | Bought a scroll of identify for 52 gold pieces
 28835 | D:14     | Bought a potion of heal wounds for 130 gold pieces
 28835 | D:14     | Bought a potion of heal wounds for 130 gold pieces
 29013 | D:14     | Noticed Jorgrun
 29027 | D:14     | Killed Jorgrun
 29237 | D:14     | Received a gift from Trog
 29284 | D:14     | Found Wamerr's Armour Shoppe.
 29627 | D:14     | Noticed Agnes
 29631 | D:14     | Killed Agnes
 30178 | D:14     | Received a gift from Trog
 30394 | D:14     | Identified the Grimoire of Sinister Creation
 30462 | D:15     | Entered Level 15 of the Dungeon
 30575 | D:15     | Reached XP level 16. HP: 117/144 MP: 21/21
 31187 | D:15     | Received a gift from Trog
 31355 | D:15     | Found a staircase to the Depths.
 32126 | D:10     | Received a gift from Trog
 32251 | Swamp:1  | Entered Level 1 of the Swamp
 32259 | Swamp:1  | Noticed Josephine
 32371 | Swamp:1  | Paralysed by a hornet for 2 turns
 32733 | Swamp:1  | Killed Josephine
 33003 | Swamp:1  | Noticed Kirke
 33009 | Swamp:1  | Killed Kirke
 33871 | Swamp:2  | Received a gift from Trog
 34072 | Swamp:2  | Noticed Louise
 34086 | Swamp:2  | Killed Louise
 34969 | Swamp:2  | Identified the Tome of Ignition
 35366 | Swamp:3  | Reached skill level 15 in Fighting
 35387 | Swamp:3  | Received a gift from Trog
 35628 | Swamp:3  | Paralysed by a hornet for 3 turns
 35637 | Swamp:3  | Reached XP level 17. HP: 112/156 MP: 23/23
 36650 | Swamp:4  | Entered Level 4 of the Swamp
 36707 | Swamp:4  | Received a gift from Trog
 37165 | Swamp:4  | Got a decaying rune of Zot
 37808 | Swamp:4  | Identified Idaz Code's Compendium of Transformation and
                  | Battle Magic
 38358 | Spider:1 | Entered Level 1 of the Spider Nest
 38488 | Spider:1 | Reached skill level 10 in Armour
 38545 | Spider:1 | Received a gift from Trog
 38596 | Spider:1 | Noticed Donald
 38601 | Spider:1 | Killed Donald
 38852 | Spider:1 | Identified Roxanne's Reference Book on Transmutation
 38852 | Spider:1 | Noticed Roxanne
 38863 | Spider:1 | Killed Roxanne
 38868 | Spider:1 | Got a heavily runed pewter ring
 38869 | Spider:1 | Identified the ring of Dopres {*Corrode rF++ MR+ Str+2
                  | Int+4} (You found it on level 1 of the Spider Nest)
 38905 | Spider:1 | Noticed Aizul
 38918 | Spider:1 | Killed Aizul
 38918 | Spider:1 | Received a gift from Trog
 39553 | Spider:2 | Received a gift from Trog
 40553 | Spider:2 | Identified 2 scrolls of acquirement
 40652 | Spider:2 | Identified the +0 centaur barding of Grace {*Contam rPois
                  | rF+ Int+3} (You acquired it on level 2 of the Spider Nest)
 40657 | Spider:2 | Identified the +0 pair of gloves of Ezxig {-Tele rElec
                  | Regen+ Int+8} (You acquired it on level 2 of the Spider
                  | Nest)
 41298 | Spider:3 | Received a gift from Trog
 41876 | Spider:4 | Entered Level 4 of the Spider Nest
 41918 | Spider:4 | Reached XP level 18. HP: 168/168 MP: 24/24
 42610 | Spider:4 | Received a gift from Trog
 43283 | Spider:4 | Noticed Arachne
 43300 | Spider:4 | Killed Arachne
 43473 | Spider:4 | Received a gift from Trog
 44108 | Spider:4 | Received a gift from Trog
 44692 | Spider:4 | Got a gossamer rune of Zot
 45091 | Vaults:1 | Entered Level 1 of the Vaults
 45418 | Vaults:1 | Received a gift from Trog
 45659 | Vaults:1 | Found a large runed translucent door.
 45659 | Vaults:1 | Found a large runed translucent door.
 45660 | Vaults:1 | Noticed Nico3ck's ghost (adept DsGl)
 45661 | Vaults:1 | Found the +3 Elemental Staff {rElec rF++ rC++ MR++ AC+5}
 46208 | Vaults:1 | Received a gift from Trog
 47014 | Vaults:1 | Reached XP level 19. HP: 135/180 MP: 25/25
 48175 | Vaults:1 | Received a gift from Trog
 48534 | Vaults:2 | Found Fuerouph's Gadget Emporium.
 48567 | Vaults:2 | Found Quij's Weapon Emporium.
 48590 | Vaults:2 | Found Safuggit's Assorted Antiques.
 48863 | Vaults:2 | Found a staircase to the Crypt.
 49213 | Vaults:2 | Received a gift from Trog
 49560 | Vaults:2 | Received a gift from Trog
 50136 | Vaults:2 | Identified the cursed -2 pair of gloves of the Mackerel
                  | {Str+2} (You found it on level 2 of the Vaults)
 50290 | Vaults:2 | Found Redgh's Assorted Antiques.
 50329 | Vaults:3 | Found Eqobog's Book Emporium.
 51121 | Vaults:3 | Received a gift from Trog
 51893 | Vaults:3 | Reached XP level 20. HP: 188/193 MP: 26/26
 52004 | Vaults:3 | Received a gift from Trog
 53337 | Vaults:4 | Found a flickering gateway to a bazaar.
 53346 | Bazaar   | Entered a bazaar
 53447 | Bazaar   | Found Yfraucw's Antique Weapon Shoppe.
 53447 | Bazaar   | Found Osomi's Jewellery Shoppe.
 53483 | Bazaar   | Found Xumowairgh's Distillery.
 53483 | Bazaar   | Found Bixiti's General Store.
 53489 | Bazaar   | Bought a potion of magic for 128 gold pieces
 53489 | Bazaar   | Bought a potion of brilliance for 64 gold pieces
 53489 | Bazaar   | Bought 2 potions of might for 128 gold pieces
 53489 | Bazaar   | Bought a potion of ambrosia for 128 gold pieces
 53489 | Bazaar   | Bought 3 potions of haste for 480 gold pieces
 53489 | Bazaar   | Bought a potion of mutation for 128 gold pieces
 53489 | Bazaar   | Bought a potion of mutation for 128 gold pieces
 53501 | Bazaar   | Bought a scroll of teleportation for 30 gold pieces
 53522 | Bazaar   | Bought an uncursed ring of see invisible for 165 gold
                  | pieces
 53555 | Vaults:4 | Received a gift from Trog
 53570 | Vaults:4 | Found Woconut's Antique Armour Shop.
 53872 | Vaults:4 | Received a gift from Trog
 54825 | Vaults:4 | Found Weiguss's Book Boutique.
 54831 | Vaults:4 | Found Sedovyp's Food Boutique.
 55242 | Vaults:4 | Received a gift from Trog
 55433 | Vaults:4 | Reached skill level 15 in Armour
 55463 | Vaults:4 | Received a gift from Trog
 55611 | Vaults:4 | Found Fusuysan's Antique Armour Shoppe.
 55941 | Vaults:2 | Bought a glowing scarf for 344 gold pieces
 56204 | D:12     | Bought a glowing scarf for 256 gold pieces
 56204 | D:12     | Bought a scroll of fog for 64 gold pieces
 56330 | Depths:1 | Entered Level 1 of the Depths
 56495 | D:15     | Received a gift from Trog
 57404 | Depths:1 | Found a one-way gate leading to the halls of Pandemonium.
 57415 | Depths:1 | Received a gift from Trog
 57483 | Depths:1 | Received a gift from Trog
 57499 | Depths:1 | Reached XP level 21. HP: 204/204 MP: 27/27
 57612 | Depths:1 | Found a huge runed gate.
 57612 | Depths:1 | Found a huge runed gate.
 57612 | Depths:1 | Found a huge runed gate.
 57619 | Depths:1 | Found a huge runed gate.
 57620 | Depths:1 | Found a huge runed gate.
 57621 | Depths:1 | Found a huge runed gate.
 57638 | Depths:1 | Found a huge runed gate.
 57638 | Depths:1 | Found a huge runed gate.
 57705 | Depths:1 | Found a huge runed gate.
 57705 | Depths:1 | Found a huge runed gate.
 57706 | Depths:1 | Found a huge runed gate.
 57856 | Depths:1 | Found a gateway to Hell.
 58399 | Depths:1 | Found a huge runed gate.
 58400 | Depths:1 | Found a huge runed gate.
 58409 | Depths:1 | Found a huge runed gate.
 58421 | Depths:1 | Found a huge runed gate.
 58421 | Depths:1 | Found a huge runed gate.
 58421 | Depths:1 | Found a huge runed gate.
 58422 | Depths:1 | Found a huge runed gate.
 58422 | Depths:1 | Found a huge runed gate.
 58422 | Depths:1 | Found a huge runed gate.
 58423 | Depths:1 | Found a huge runed gate.
 58469 | Depths:1 | Found a huge runed gate.
 58469 | Depths:1 | Found a huge runed gate.
 58469 | Depths:1 | Found a huge runed gate.
 58470 | Depths:1 | Found a huge runed gate.
 58472 | Depths:1 | Found a huge runed gate.
 58473 | Depths:1 | Found a huge runed gate.
 58474 | Depths:1 | Found a huge runed gate.
 58769 | Depths:1 | Found a huge runed gate.
 58769 | Depths:1 | Found a huge runed gate.
 58769 | Depths:1 | Found a huge runed gate.
 58769 | Depths:1 | Found a huge runed gate.
 58770 | Depths:1 | Found a huge runed gate.
 58920 | Depths:1 | Noticed a golden dragon
 58920 | Depths:1 | Noticed a caustic shrike
 59255 | Depths:1 | Killed a caustic shrike
 59255 | Depths:1 | Received a gift from Trog
 59451 | Depths:1 | Identified the +5 longbow of Iconoclasm {freeze, rN+} (Trog
                  | gifted it to you on level 1 of the Depths)
 59549 | Depths:1 | Killed a golden dragon
 60548 | Depths:2 | Received a gift from Trog
 60629 | Depths:2 | Found a bloodstained altar of Trog.
 62315 | Depths:2 | Received a gift from Trog
 62430 | Depths:2 | Identified the cursed +1 giant club of Generosity {crush,
                  | +Inv rElec rF++ Int-4}
 62430 | Depths:2 | Identified the cursed +11 giant club of Accidental
                  | Termination {chaos, rElec rN+ MR- Int+2}
 63045 | Depths:2 | Received a gift from Trog
 63225 | Depths:2 | Identified the +3 faerie dragon scales {rF+ rCorr Int+4}
 63225 | Depths:2 | Noticed the Enchantress
 63441 | Depths:2 | Killed the Enchantress
 64302 | Depths:3 | Received a gift from Trog
 64385 | Depths:3 | Reached XP level 22. HP: 131/217 MP: 28/28
 66633 | Depths:4 | Noticed Xtahua
 66682 | Depths:4 | Killed Xtahua
 66682 | Depths:4 | Received a gift from Trog
 66866 | Depths:4 | Found a one-way gate to the infinite horrors of the Abyss.
 66939 | Depths:4 | Received a gift from Trog
 67035 | Depths:4 | Found a shattered altar of Ashenzari.
 67824 | Depths:4 | Identified the +3 war axe of Peril {chop, Dex+4}
 67836 | Depths:4 | Received a gift from Trog
 68373 | Depths:5 | Entered Level 5 of the Depths
 68383 | Depths:5 | Received a gift from Trog
 68512 | Depths:5 | Noticed a golden dragon
 68542 | Depths:5 | Killed a golden dragon
 69246 | Depths:5 | Found a gate to the Realm of Zot.
 69716 | Depths:5 | Reached XP level 23. HP: 181/228 MP: 29/29
 70019 | Depths:5 | Found a gateway to a ziggurat.
 70123 | Depths:5 | Noticed a juggernaut
 70138 | Depths:5 | Killed a juggernaut
 70138 | Depths:5 | Received a gift from Trog
 71628 | Elf:1    | Entered Level 1 of the Elven Halls
 72515 | Elf:1    | Found Paseq's Practical Paraphernalia.
 72871 | Elf:2    | Received a gift from Trog
 73078 | Elf:2    | Received a gift from Trog
 73190 | Elf:2    | Found a runed translucent gate.
 73190 | Elf:2    | Found a runed translucent gate.
 73190 | Elf:2    | Found a runed translucent gate.
 73652 | Elf:2    | Identified Ehuoko Waut's Volume of the Entourage
 73827 | Elf:3    | Entered Level 3 of the Elven Halls
 73951 | Elf:3    | Received a gift from Trog
 75007 | Elf:3    | Received a gift from Trog
 75370 | Elf:3    | Identified the +11 quarterstaff "Paint" {pain, rN+ Str-5
                  | Int+5 Dex+2}
 75890 | Elf:3    | Identified the ring "Ugearep" {MP+9 AC+1 Int+3}
 75996 | Elf:3    | Received a gift from Trog
 76151 | Elf:3    | Identified the +1 leather armour of Brilliance {+Inv}
 76219 | Elf:3    | Identified the +2 plate armour "Tini" {rElec Str-5 Dex+5}
 76226 | Elf:3    | Reached XP level 24. HP: 240/240 MP: 29/29
 76406 | Elf:3    | Identified the +4 dagger "Loingy" {pierce, rF+}
 76558 | Elf:3    | Identified the Catalogue of the Supportive Snowflakes
 76954 | D:8      | Bought a book of Debilitation for 560 gold pieces
 77044 | Temple   | Entered the Ecumenical Temple
 77147 | Temple   | Fell from the grace of Trog
 77147 | Temple   | Became a worshipper of the Shining One
 77157 | Temple   | Learned a level 3 spell: Portal Projectile
 77920 | Crypt:1  | Entered Level 1 of the Crypt
 77945 | Crypt:1  | Reached skill level 1 in Translocations
 77946 | Crypt:1  | Reached skill level 1 in Hexes
 77967 | Crypt:1  | Reached skill level 1 in Spellcasting
 77979 | Crypt:1  | Noticed Sojobo
 77979 | Crypt:1  | Reached * piety under the Shining One
 78770 | Crypt:2  | Reached ** piety under the Shining One
 78958 | Crypt:2  | Reached *** piety under the Shining One
 79427 | Crypt:2  | Reached skill level 1 in Invocations
 79766 | Crypt:2  | Noticed Boris
 79766 | Crypt:2  | Reached **** piety under the Shining One
 79771 | Crypt:2  | Killed Boris
 80891 | Crypt:3  | Entered Level 3 of the Crypt
 80913 | Crypt:3  | Reached ***** piety under the Shining One
 81162 | Crypt:3  | Paralysed by Trog for 5 turns
 81430 | Crypt:3  | Found a staircase to the Tomb.
 81511 | Crypt:3  | Noticed Jory
 81522 | Crypt:3  | Killed Jory
 81533 | Crypt:3  | Noticed Boris
 81569 | Crypt:3  | Reached skill level 5 in Translocations
 81585 | Crypt:2  | Reached skill level 5 in Hexes
 81676 | Crypt:3  | Reached ****** piety under the Shining One
 81991 | Crypt:2  | Killed Boris
 82043 | Crypt:3  | Reached skill level 5 in Invocations
 82064 | Crypt:3  | Identified a +7 longbow of holy wrath (a +5 longbow of
                  | freezing blessed by the Shining One)
 82064 | Crypt:3  | Received a gift from the Shining One
 82109 | Crypt:3  | Noticed an ancient lich
 82113 | Crypt:3  | Killed an ancient lich
 82225 | Crypt:3  | Found a basalt altar of Yredelemnul.
 82405 | Crypt:3  | Reached skill level 5 in Spellcasting
 83340 | Crypt:1  | Killed Sojobo
 83340 | Crypt:1  | Reached XP level 25. HP: 76/244 MP: 27/31
 84258 | Vaults:5 | Entered Level 5 of the Vaults
 86575 | Vaults:5 | Reached skill level 5 in Long Blades
 88576 | Vaults:5 | Found Jijedd's Book Shoppe.
 90384 | Vaults:5 | Got a silver rune of Zot
 91677 | Zot:1    | Entered Level 1 of the Realm of Zot
 91909 | Zot:1    | Reached XP level 26. HP: 245/249 MP: 34/34
 92249 | Zot:1    | Reached skill level 10 in Invocations
 92813 | Zot:1    | HP: 7/249 [death cob (7)]
 93227 | Zot:1    | Learned a level 1 spell: Apportation
 93396 | Zot:2    | HP: 12/258 [poisoned by a death drake (dark miasma)]
 93397 | Zot:2    | Engulfed by a death drake's foul pestilence

Levels and vault maps discovered:
D:1:      dpeg_arrival_rooms_with_view, layout_basic, nemelex_altar_shiori
D:2:      layout_rooms
D:3:      layout_loops_ring
D:4:      layout_basic, tgw_sif, first_ration, serial_co_window_serial,
          co_window_of_opportunity_a, co_window_corner_a, co_window_paths_b,
          co_window_paths_a, co_window_corner_a, co_window_cross_3,
          co_window_cross_2, co_window_paths_c, co_window_sun, glass_columns_c,
          glass_columns_b, glass_columns_a, glass_columns_a, glass_columns_a,
          nemelex_lonely_heart_becter, uniq_natasha
D:5:      layout_gridville, minmay_temple_entry_antechambers,
          nicolae_ru_sacrificial_ziggurat
D:6:      minmay_opposing_rooms, layout_rooms
D:7:      layout_basic, interstate_on_off
D:8:      lemuel_ratsnest, layout_layer_cave, grunt_temple_overflow_cloverleaf,
          serial_shops, shop, shop, shop, nicolae_shop_window_shopping,
          uniq_grum, uniq_joseph, uniq_prince_ribbit1
D:9:      layout_loops_cross, ebering_ghost_funeral_grove
D:10:     layout_irregular_city, erik_lair_island, uniq_gastronok, uniq_snorg
D:11:     layout_roguey [special_room_orc], orc_david_3, serial_glass,
          glass_columns_a, glass_columns_b, glass_columns_b, glass_columns_b,
          glass_columns_b, glass_columns_c, hangedman_ranch
          [blue_anna_fruit_fields], minmay_hedge_maze, hangedman_corner_corridor
D:12:     layout_roguey, serial_shops, nicolae_shop_trees, shop_fountains, shop,
          kennysheep_mini, fedhas_altar_decomposition
D:13:     lemuel_castle_with_subvaults [lemuel_castle_interior_original],
          layout_stronghold, ximxim_vaults_locker_room
D:14:     kennysheep_four_of_diamonds, layout_loops_corners, serial_shops,
          shop_fountains, shop, uniq_agnes, uniq_jorgrun
D:15:     grunt_enter_depths_magical_seal, layout_loops_cross
Temple:   minmay_temple_bridge_d
Lair:1:   layout_roguey
Lair:2:   layout_cave_pods
Lair:3:   layout_gridlike, grunt_megastairs_5
Lair:4:   layout_gridlike, palyth_hydra_swamp_entry,
          nicolae_spider_entry_tight_spaces, cheibrodos_lair_reptile_den
Lair:5:   lemuel_reptile_caves, layout_gridlike, lemuel_centaur_altar
Lair:6:   hangedman_lair_in_review, layout_regular_city, slime_altar_2,
          hibernation_bobbens
Swamp:1:  layout_basic_swamp, nicolae_swamp_little_tower, swamp_pool3,
          uniq_kirke, uniq_josephine
Swamp:2:  layout_falls_marsh, evilmike_swamp_ruin_house_4, uniq_louise
Swamp:3:  layout_basic_swamp, evilmike_swamp_ruin_rubble_2
Swamp:4:  swamp_fiery, layout_basic_swamp, swamp_pool3
Spider:1: layout_spider_delve, uniq_roxanne, uniq_donald, uniq_aizul
Spider:2: layout_spider_delve
Spider:3: mumra_spider_spiderweb
Spider:4: spider_rune_water, uniq_arachne
Orc:1:    layout_diamond_mine, uniq_erolcha
Orc:2:    st_orc_congregation, layout_caves, elf_legates
Elf:1:    minmay_elf_arrival_plus, layout_gridlike, hangedman_elf_represent,
          nicolae_alphabet_shops, palyth_stone_intersect, minivault_14
Elf:2:    layout_loops_ring
Elf:3:    minmay_elf_hall_golems, layout_gridlike
Vaults:1: ebering_vaults_ghost_disaster_area, nicolae_vaults_little_ls,
          vaults_room_door_ring, nicolae_vaults_three_branches,
          ontoclasm_vaults_ligature, grunt_vaults_hallway_short,
          nicolae_vaults_sealed_display, sword_in_stone, layout_vaults_omnigrid
Vaults:2: minmay_crypt_entry_simple_walls, st_spiral_rooms,
          nicolae_vaults_big_angled_halls, vaults_room_boxed, v_misc_3,
          vaults_room_pools, v_misc_3, v_misc_24, vaults_dpeg_encased_lava,
          v_misc_3, v_misc_11, v_pattern_3, vaults_dpeg_diagonal,
          layout_vaults_big_room, serial_shops, shop, nicolae_shop_behind_doors,
          nicolae_shop_trees, shop_statue
Vaults:3: vaults_standard_mumra_enter_the_diamond, vaults_dpeg_hooks,
          ontoclasm_vaults_gateway, st_quartered_hall, ontoclasm_vaults_chip,
          ontoclasm_vaults_chip, nicolae_vaults_border_crossing,
          vaults_standard_mumra_x, ontoclasm_vaults_fault,
          grunt_vaults_hallway_long, v_rooms_3, nicolae_vaults_specimen_jars,
          layout_vaults_omnibox, serial_shops, shop
Vaults:4: v_misc_13, v_misc_28, grunt_vaults_diagonal, dpeg_vaults_monster_row,
          hangedman_vaults_stretched_pinwheel, vaults_room_door_ring,
          grunt_vaults_hallway_short, nicolae_vaults_little_squares_5,
          nicolae_vaults_yaktaur_gun_rack,
          nicolae_vaults_windows_and_doors_thing, vaults_room_stairs_pillars,
          vaults_mumra_hexcomb, vaults_standard_mumra_lines,
          vaults_room_fancy_cross, layout_vaults_maze_bifur, serial_shops,
          bzr_entry_road, nicolae_shop_trees, nicolae_shop_stone, shop_coins,
          nicolae_shop_stone
Vaults:5
Crypt:1:  layout_chaotic_city, st_stairs_12, grunt_megastairs_2, uniq_sojobo
Crypt:2:  layout_catacombs, uniq_boris
Crypt:3:  cryptofortress_bobbens, uniq_jory
Depths:1: layout_gridlike, hell_entry, grunt_pan_entry_spiral,
          serial_sigils_hangedman_shear, grunt_ministairs_6,
          grunt_decor_arrowhead, grunt_decor_fettered, minmay_door_square,
          minivault_16, chequers_serial_rivers_small_b,
          serial_sigils_hangedman_gut, hangedman_decor_push,
          grunt_decor_one_mirror, door_vault, serial_bayou_shore_b
Depths:2: spriggan_forest, hell_entry
Depths:3: kennysheep_six_static_rooms, layout_basic, rand_demon_pan_entry_1,
          hangedman_coc_ice_floe
Depths:4: minmay_diamond_stairs, layout_gridville, kennysheep_big_empty_room,
          rand_demon_pan_entry_7, hell_entry, abyss_entry_small_statue_room,
          nicolae_ashenzari_panopticon, uniq_xtahua
Depths:5: evilmike_zot_entry_diamond, layout_gridlike, enter_ziggurat_f,
          dk_noncrumbling_3, hell_entry, serial_bayou_shore_b
Zot:1:    lemuel_draconian_sentries_small, layout_basic
Zot:2:    layout_basic, nicolae_zot_crop_circle

Skill      XL: |  1  2  3  4  5  6  7  8  9 10 11 12 13 14 15 16 17 18 19 20 21 22 23 24 25 26 |
---------------+-------------------------------------------------------------------------------+-----
Fighting       | 4 5 6 8 9 11 12 13 15 16 18 19 21 22 23 24 25 | 25.0
Bows           | 4 11 15 19 22 24 26 | 26.0
Evocations     | 3 7 9 |  9.0
Armour         | 3 6 8 11 12 14 15 16 17 18 19 | 19.0
Translocations | 6 9 |  9.5
Hexes          | 6 9 |  9.5
Spellcasting   | 5 7 |  7.9
Invocations    | 6 9 10 | 10.5
Long Blades    | 3 7 |  7.7
Dodging        | |  1.3

Action                   |  1- 3 |  4- 6 |  7- 9 | 10-12 | 13-15 | 16-18 | 19-21 | 22-24 | 25-27 || total
-------------------------+-------+-------+-------+-------+-------+-------+-------+-------+-------++-------
Melee: Falchion          |    73 |   120 |   241 |       |       |       |       |       |       ||   434
       Kick              |    17 |    28 |   106 |    54 |     5 |     2 |    10 |     2 |       ||   224
       Spear             |       |       |    73 |   231 |       |       |       |       |       ||   304
       Short sword       |       |       |       |     7 |       |       |       |       |       ||     7
       Triple sword      |       |       |       |       |     7 |       |    52 |    15 |       ||    74
       Longbow           |       |       |       |       |       |     2 |       |       |       ||     2
 Fire: Shortbow          |       |       |       |   125 |       |       |       |       |       ||   125
       Longbow           |       |       |       |   617 |  1431 |  1604 |  1738 |  1845 |   800 ||  8035
 Cast: Portal Projectile |       |       |       |       |       |       |       |     1 |     5 ||     6
Invok: Berserk           |     2 |     5 |    20 |    12 |       |       |     4 |     1 |       ||    44
       Trog's Hand       |       |       |       |       |     1 |     3 |     4 |       |       ||     8
       Brothers in Arms  |       |       |       |       |       |       |     2 |       |       ||     2
       Summon Divine War |       |       |       |       |       |       |       |     1 |       ||     1
       Brand Weapon With |       |       |       |       |       |       |       |     1 |       ||     1
       Divine Shield     |       |       |       |       |       |       |       |       |     1 ||     1
Evoke: Wand              |       |       |       |       |       |       |     2 |    13 |     2 ||    17
  Use: Scroll            |       |       |     9 |    10 |     9 |    16 |    15 |    11 |    11 ||    81
       Potion            |       |       |       |     1 |       |       |     3 |       |     3 ||     7
  Eat: Chunk             |     2 |    10 |    32 |    29 |    30 |    17 |    38 |    13 |     6 ||   177
       Ration            |       |       |     1 |     4 |       |     8 |     4 |    11 |     6 ||    34
Armor: Animal skin       |    20 |       |       |       |       |       |       |       |       ||    20
       Leather armour    |     9 |    41 |    82 |       |       |       |       |       |       ||   132
       Chain mail        |       |       |    69 |   199 |       |       |       |       |       ||   268
       Plate armour      |       |       |       |       |   171 |   444 |   346 |   589 |   199 ||  1749
       Acid dragon scale |       |       |       |       |       |       |    14 |     7 |       ||    21
Dodge: Dodged            |    37 |    59 |   105 |   120 |   125 |   123 |    81 |   150 |    59 ||   859
       Deflected         |       |       |       |    17 |    28 |    15 |    47 |    29 |    14 ||   150
Block: Other             |       |       |       |       |       |       |       |       |     1 ||     1
       Rpst.: Falchion   |    20 |    21 |    31 |       |       |       |       |       |       ||    72
       Triple sword      |       |       |       |       |     1 |       |     2 |     1 |       ||     4

Table legend:
 A = Non-vault XP
 B = Vault XP
 C = Vault XP percentage of total XP
 D = Non-vault monster count
 E = Vault monster count
 F = Vault count percentage of total count
                 A         B        C        D         E       F
            +---------+---------+-------+---------+---------+-------
      Total |  723160 |  638304 |  46.9 |    1604 |    1005 |  38.5
            +---------+---------+-------+---------+---------+-------
        D:1 |      26 |       2 |   7.1 |      14 |       2 |  12.5
        D:2 |     109 |       0 |   0.0 |      25 |       0 |   0.0
        D:3 |      91 |       0 |   0.0 |      19 |       0 |   0.0
        D:4 |     659 |      73 |  10.0 |      23 |       2 |   8.0
        D:5 |     418 |       0 |   0.0 |      16 |       0 |   0.0
        D:6 |     575 |     454 |  44.1 |      15 |       8 |  34.8
        D:7 |     947 |       0 |   0.0 |      18 |       0 |   0.0
        D:8 |    2284 |    1360 |  37.3 |      35 |      40 |  53.3
        D:9 |    2608 |       0 |   0.0 |      29 |       0 |   0.0
       D:10 |    4972 |    4315 |  46.5 |      36 |      10 |  21.7
       D:11 |    6262 |    5349 |  46.1 |      53 |      42 |  44.2
       D:12 |    4961 |       0 |   0.0 |      42 |       0 |   0.0
       D:13 |    7954 |    8968 |  53.0 |      46 |      74 |  61.7
       D:14 |   15109 |   12027 |  44.3 |      68 |      17 |  20.0
       D:15 |   22116 |    6620 |  23.0 |      50 |      10 |  16.7
     Lair:1 |    3611 |       0 |   0.0 |      12 |       0 |   0.0
     Lair:2 |    5273 |       0 |   0.0 |      20 |       0 |   0.0
     Lair:3 |    1881 |     369 |  16.4 |       6 |       3 |  33.3
     Lair:4 |    4048 |    5549 |  57.8 |      12 |      15 |  55.6
     Lair:5 |    4981 |    3760 |  43.0 |      21 |      40 |  65.6
     Lair:6 |    9994 |    9473 |  48.7 |      33 |      21 |  38.9
    Swamp:1 |    9001 |    3373 |  27.3 |      22 |       3 |  12.0
    Swamp:2 |   16002 |    1658 |   9.4 |      40 |       1 |   2.4
    Swamp:3 |   20666 |       0 |   0.0 |      63 |       0 |   0.0
    Swamp:4 |   10074 |   13015 |  56.4 |      24 |      25 |  51.0
   Spider:1 |    9494 |    5624 |  37.2 |      22 |       3 |  12.0
   Spider:2 |   11205 |       0 |   0.0 |      35 |       0 |   0.0
   Spider:3 |    4960 |    6177 |  55.5 |      20 |      25 |  55.6
   Spider:4 |   19801 |   26142 |  56.9 |      49 |      44 |  47.3
      Orc:1 |    1371 |       0 |   0.0 |      24 |       0 |   0.0
      Orc:2 |    3571 |   23520 |  86.8 |      25 |     101 |  80.2
      Elf:1 |    7613 |    8069 |  51.5 |      12 |      11 |  47.8
      Elf:2 |   17295 |    3306 |  16.0 |      26 |       3 |  10.3
      Elf:3 |   31575 |   57513 |  64.6 |      47 |      43 |  47.8
   Vaults:1 |   43891 |   14514 |  24.9 |      70 |      11 |  13.6
   Vaults:2 |   25737 |   21222 |  45.2 |      59 |      25 |  29.8
   Vaults:3 |   29259 |   40650 |  58.1 |      51 |      51 |  50.0
   Vaults:4 |   29343 |   42546 |  59.2 |      51 |      53 |  51.0
   Vaults:5 |   40754 |   77562 |  65.6 |      49 |      54 |  52.4
    Crypt:1 |   21508 |   15954 |  42.6 |      35 |      12 |  25.5
    Crypt:2 |   42824 |    8891 |  17.2 |      42 |       8 |  16.0
    Crypt:3 |       0 |   66151 | 100.0 |       0 |      85 | 100.0
   Depths:1 |   46838 |   34137 |  42.2 |      60 |      37 |  38.1
   Depths:2 |    3709 |   57202 |  93.9 |      14 |      91 |  86.7
   Depths:3 |   25307 |    8419 |  25.0 |      31 |      12 |  27.9
   Depths:4 |   45311 |   15473 |  25.5 |      52 |       7 |  11.9
   Depths:5 |   63243 |   18052 |  22.2 |      57 |      10 |  14.9
      Zot:1 |   31659 |   10815 |  25.5 |      21 |       6 |  22.2
      Zot:2 |   12270 |       0 |   0.0 |      10 |       0 |   0.0
            +---------+---------+-------+---------+---------+-------
